 Dungeon Crawl Stone Soup version 0.16-a0-3178-g2c88c44 (webtiles) character file.

2734 RobertPalmer the Jester (level 9, -4/53 HPs)
             Began as an Octopode Artificer on Dec 16, 2014.
             Was a Follower of Nemelex Xobeh.
             Slain by a centaur (9 damage)
             ... on level 6 of the Dungeon on Dec 17, 2014.
             The game lasted 00:24:07 (10339 turns).

RobertPalmer the Jester (Octopode Artificer)       Turns: 10339, Time: 00:24:08

Health: -4/53      AC:  1    Str: 10    XL:     9   Next: 67%
Magic:  24/24      EV: 15    Int: 15    God:    Nemelex Xobeh [*.....]
Gold:   272        SH:  0    Dex: 15    Spells: 0 memorised, 8 levels left

rFire  . . .     SeeInvis +     a - +1 dagger (venom)
rCold  . . .     Clarity  .     (no shield)
rNeg   . . .     SustAb   .     (helmet restricted)
rPois  .         Gourm    .     (no amulet)
rElec  .         Spirit   .     w - ring of see invisible
rCorr  .         Warding  .     (no ring)
rMut   .         Stasis   .     (no ring)
MR     .....                    (no ring)
Stlth  +++.......               (no ring)
                                (no ring)
                                (no ring)
                                (no ring)

@: not resistant to hostile enchantments, fairly stealthy
A: almost no armour, amphibious, 8 rings, constrict 8, camouflage 1, gelatinous
body 1
a: Renounce Religion


You were on level 6 of the Dungeon.
You worshipped Nemelex Xobeh.
Nemelex Xobeh was aware of your devotion.
You were hungry.

You visited 2 branches of the dungeon, and saw 7 of its levels.
You also visited: Ossuary.

You collected 272 gold pieces.


Innate Abilities, Weirdness & Mutations

You cannot wear most types of armour.
You are amphibious.
You can wear up to eight rings at the same time.
You can use your tentacles to constrict many enemies at once.
Your skin changes colour to match your surroundings (Stealth).
Your rubbery body absorbs attacks (AC +1).


   Skills:
 - Level 1.0 Fighting
 - Level 1.0 Short Blades
 + Level 5.3 Dodging
 - Level 1.3 Stealth
 - Level 13.9 Evocations


You had 8 spell levels left.
You didn't know any spells.

Inventory:

Hand weapons
 a - a +1 dagger of venom (weapon)
 b - a +0 blowgun
 t - a cursed -1 dagger
 v - a +1 dagger of speed
 x - a +0 mace of protection
Missiles
 A - 7 curare-tipped needles
 D - 3 throwing nets (quivered)
 E - 10 poisoned needles
Magical staves
 B - an uncursed staff of wizardry {!a}
Jewellery
 i - an uncursed ring of ice
 u - an uncursed amulet of stasis
 w - a ring of see invisible (left tentacle)
Magical devices
 c - a wand of enslavement (13)
 d - a wand of random effects (5)
Scrolls
 g - 3 scrolls of teleportation
 m - a scroll of remove curse
 n - 9 scrolls of identify
 p - 3 scrolls of fear
 q - 4 scrolls of recharging
 y - a scroll of amnesia
 F - a scroll of fog
Potions
 e - a potion of flight {unknown}
 h - a potion of restore abilities
 j - a potion of haste {unknown}
 k - a potion of agility
 r - a potion of mutation {unknown}
 C - a potion of resistance {unknown}
Miscellaneous
 z - a plain deck of destruction {drawn: 7}
Comestibles
 f - 4 bread rations
 l - a royal jelly
 o - 4 beef jerkies
 s - 5 meat rations
 G - a chunk of flesh {@w1}

Dungeon Overview and Level Annotations

Branches:
Dungeon (6/15)             Temple (1/1) D:4

Altars:
Ashenzari
Cheibriados
Dithmenos
Fedhas
Kikubaaqudgha
Makhleb
Nemelex Xobeh
Okawaru
Qazlal
Ru
Sif Muna
Trog
Vehumet
Yredelemnul
Zin
The Shining One

Shops:
D:4

! #..# #..# # # #..# #.#
#..# ###.### #. ##
#.....# # .. #.# #.#####
##### ####.#########.#
#...... .....
......%.........###.#####
###.#. #..cx.((.(.(†...#
#.#.# ############...##
###.#.# ##### ..#.#.#
#.#.#.# ......#
################ ......#
#..............# ......#
#####>############..
#.##.## ##...#.# ###


You could see a centaur.


Message History

* * * LOW HITPOINT WARNING * * *
You barely miss the centaur. The centaur barely misses you.
You hit the centaur but do no damage. The centaur barely misses you.
The centaur hits you.
* * * LOW HITPOINT WARNING * * *
You barely miss the centaur. The centaur closely misses you.
You closely miss the centaur. The centaur hits you.
* * * LOW HITPOINT WARNING * * *
You barely miss the centaur. The centaur closely misses you.
The centaur barely misses you.
You hit the centaur.
The centaur is poisoned.
The centaur is lightly wounded.
The centaur misses you.
Evoke which item? (* to show all) (? for menu, Esc to quit)
You draw a card...
It is the Orb.
You have drawn the Orb.
Aim: a centaur (moderately wounded, poisoned)
The orb of energy hits the centaur.
The centaur is severely wounded.
You are feeling hungry.
The centaur closely misses you. The centaur hits you.
* * * LOW HITPOINT WARNING * * *
You hit the centaur but do no damage.
The centaur is severely wounded.
The centaur hits you!
* * * LOW HITPOINT WARNING * * *
Drink which item? (? for menu, Esc to quit)
It was a potion of restore abilities.
You feel refreshed. The centaur hits you!
You die...
Your body disappears without a glow.

Action                   |  1- 3 |  4- 6 |  7- 9 || total
-------------------------+-------+-------+-------++-------
Melee: Short sword       |    46 |    17 |    71 ||   134
       Dagger            |       |   142 |   330 ||   472
 Fire: Blowgun           |       |       |     2 ||     2
Evoke: Wand              |     4 |    17 |    47 ||    68
       Deck              |       |       |     7 ||     7
  Use: Scroll            |     2 |     2 |    15 ||    19
       Potion            |       |       |     2 ||     2
 Stab: Sleeping          |     4 |     5 |    17 ||    26
       Distracted        |       |     1 |     3 ||     4
  Eat: Chunk             |     1 |     8 |    19 ||    28
       Pizza             |       |       |     1 ||     1

Vault maps used:
D:1:      ncdulo_smallfort
D:2:      serial_forest, infiniplex_forest_clump_medium,
          infiniplex_forest_corner_1, infiniplex_forest_straight_5,
          infiniplex_forest_clump_curved, infiniplex_forest_straight_3,
          infiniplex_forest_end_1, hangedman_decor_riveting,
          wad_floor_pattern_2, uniq_robin
D:3:      lemuel_castle_with_subvaults, old_standard_altar, minmay_unequal
D:4:      serial_shops, nicolae_shop_trees,
          lightli_ossuary_entry_decrepit_ruins, first_bread, minivault_14,
          minmay_ogre_servants
D:5:      lemuel_round_altar, lemuel_blue_sif_altar, uniq_eustachio
Temple:   circular_temple_13
Ossuary:  ossuary_due_cavern

Notes
Turn   | Place    | Note
--------------------------------------------------------------
     0 | D:1      | RobertPalmer, the Octopode Artificer, began the quest for the Orb.
     0 | D:1      | Reached XP level 1. HP: 13/13 MP: 1/1
   230 | D:1      | Reached skill level 4 in Evocations
   230 | D:1      | Reached XP level 2. HP: 18/18 MP: 3/3
   707 | D:1      | Reached XP level 3. HP: 21/23 MP: 5/5
   979 | D:1      | Reached skill level 5 in Evocations
  1227 | D:2      | Reached XP level 4. HP: 26/28 MP: 7/7
  1343 | D:2      | Noticed Robin
  1389 | D:2      | Killed Robin
  1413 | D:2      | Reached skill level 6 in Evocations
  2018 | D:2      | Reached XP level 5. HP: 28/33 MP: 10/10
  2354 | D:3      | Noticed a phantom
  2460 | D:3      | Reached skill level 7 in Evocations
  3047 | D:3      | Reached XP level 6. HP: 38/38 MP: 13/13
  3177 | D:3      | Reached skill level 8 in Evocations
  3763 | D:3      | Reached skill level 9 in Evocations
  3888 | D:3      | Reached XP level 7. HP: 32/43 MP: 17/17
  4300 | D:3      | Found a burning altar of Makhleb.
  4739 | D:3      | Reached skill level 10 in Evocations
  5296 | D:3      | Killed a phantom
  5660 | D:4      | Found a sand-covered staircase.
  5669 | Ossuary  | Entered an ossuary
  5735 | Ossuary  | Reached XP level 8. HP: 44/48 MP: 20/20
  5778 | Ossuary  | Noticed a flying skull
  5778 | Ossuary  | Noticed a wraith
  5794 | Ossuary  | Noticed a flying skull
  5796 | Ossuary  | Noticed a flying skull
  5984 | Ossuary  | Noticed a wraith
  6012 | Ossuary  | Noticed a wraith
  6016 | Ossuary  | Noticed a flying skull
  6020 | Ossuary  | Killed a wraith
  6020 | Ossuary  | Reached skill level 11 in Evocations
  6076 | Ossuary  | HP: 4/48 [wraith (1)]
  6077 | Ossuary  | Killed a wraith
  6077 | Ossuary  | Reached skill level 12 in Evocations
  6389 | D:4      | Noticed Johnny's ghost (average HuHu)
  6428 | D:4      | Killed Johnny's ghost
  6777 | D:4      | Found a staircase to the Ecumenical Temple.
  6924 | Temple   | Entered the Ecumenical Temple
  6947 | Temple   | Became a worshipper of Nemelex Xobeh the Trickster
  7033 | D:4      | Received a gift from Nemelex Xobeh
  7055 | D:4      | Found Ockar's Distillery.
  7275 | D:5      | Entered Level 5 of the Dungeon
  7370 | D:5      | Reached skill level 13 in Evocations
  7430 | D:5      | Reached XP level 9. HP: 26/53 MP: 23/23
  7596 | D:5      | Noticed a black bear
  7944 | D:5      | a black bear changed into a deep dwarf
  8245 | D:5      | Noticed Eustachio
  8255 | D:5      | Killed Eustachio
  8387 | D:5      | Found a bloodstained altar of Trog.
  8756 | D:5      | Found a deep blue altar of Sif Muna.
  9146 | D:5      | Reached skill level 3 in Dodging
  9519 | D:6      | Reached skill level 4 in Dodging
 10218 | D:6      | Reached skill level 5 in Dodging
 10338 | D:6      | HP: 5/53 [centaur (8)]
 10339 | D:6      | Slain by a centaur

Vanquished Creatures
  The ghost of Johnny the Bolt Thrower, an average HuHu (D:4)
  2 wraiths (Ossuary)
  Eustachio (D:5)
  A deep dwarf (D:5)
  A sky beast (D:5)
  A phantom (D:3)
  An ogre (D:4)
  An ice beast (D:6)
  A centaur (D:5)
  A giant frog (D:6)
  A scorpion (D:5)
  A gnoll sergeant (D:3)
  2 wights (Ossuary)
  2 crimson imps
  2 iguanas (D:6)
  2 orc priests
  4 gnoll shamans
  2 hounds
  A jelly (D:6)
  2 orc wizards
  A quasit (D:5)
  5 worker ants
  Robin (D:2)
  42 gnolls
  11 adders
  A giant mite (D:1)
  3 worms
  An adder skeleton (D:5)
  3 adder zombies (Ossuary)
  A giant gecko (D:3)
  An ooze (D:3)
  18 orcs
  15 bats
  A bat skeleton (D:6)
  10 giant cockroaches
  26 goblins
  8 hobgoblins
  18 jackals
  9 kobolds
  2 quokkas
  A giant gecko skeleton (D:6)
  3 giant newts (D:1)
  2 hobgoblin zombies (Ossuary)
  4 orc skeletons (Ossuary)
  An orc zombie (Ossuary)
  13 rats
231 creatures vanquished.

Vanquished Creatures (collateral kills)
  An orc priest (D:6)
  2 gnolls (D:3)
3 creatures vanquished.

Grand Total: 234 creatures vanquished
